 Dungeon Crawl Stone Soup version 0.25-a0-589-g1e14c54 (webtiles) character file.

Game seed: 4753915017472550995, levelgen mode: deterministic

155 Faca the Poker (level 5, -4/43 HPs)
             Began as a Merfolk Gladiator on Mar 10, 2020.
             Was an Initiate of Okawaru.
             Killed from afar by a white imp (13 damage)
             ... with a puff of frost
             ... summoned by Natasha
             ... on level 3 of the Dungeon.
             The game lasted 00:04:09 (2155 turns).

Faca the Poker (Merfolk Gladiator)                  Turns: 2155, Time: 00:04:10

Health: -4/43      AC:  4    Str: 15    XL:     5   Next: 37%
Magic:  5/5        EV: 13    Int:  8    God:    Okawaru [......]
Gold:   84         SH:  3    Dex: 15    Spells: 4/4 levels left

rFire    . . .     SeeInvis .   a - +0 trident
rCold    . . .     Gourm    .   k - +0 buckler
rNeg     . . .     Faith    .   b - +0 leather armour
rPois    +         Spirit   .   c - +0 helmet
rElec    .         Reflect  .   (no cloak)
rCorr    .         Harm     .   (no gloves)
MR       .....                  (no boots)
Stlth    +.........             (no amulet)
HPRegen  0.14/turn              e - ring of poison resistance
MPRegen  0.09/turn              (no ring)

@: brilliant
A: change form in water, swift swim, stealthy swim
a: Renounce Religion


You were on level 3 of the Dungeon.
You worshipped Okawaru.
Okawaru was noncommittal.
You were not hungry.

You visited 1 branch of the dungeon, and saw 3 of its levels.

You collected 84 gold pieces.

Inventory:

Hand Weapons
 a - a +0 trident (weapon)
Missiles
 d - 3 throwing nets
 m - 13 poisoned darts (quivered)
Armour
 b - a +0 leather armour (worn)
 c - a +0 helmet (worn)
 k - a +0 buckler (worn)
Jewellery
 e - a ring of poison resistance (left hand)
Scrolls
 h - a scroll of enchant weapon {unknown}
 i - a scroll of teleportation {unknown}
Potions
 g - a potion of mutation
 l - 2 potions of flight
Comestibles
 f - 5 rations
 o - a chunk of flesh


   Skills:
 + Level 4.4 Fighting
 + Level 6.8 Polearms
 - Level 2.0 Throwing
 - Level 4.0 Dodging


You had 4 spell levels left.
You didn't know any spells.
Your spell library was empty.

Dungeon Overview and Level Annotations

Branches:
Dungeon (3/15)

Altars:
Fedhas
Nemelex Xobeh
Okawaru
The Shining One

Annotations:
D:3 Natasha


Message History

The white imp hits you.
* * * LOW HITPOINT WARNING * * *
The white imp freezes you.
* * * LOW HITPOINT WARNING * * *
It was a potion of brilliance.
You feel clever all of a sudden. The white imp puffs mist at you.
The white imp barely misses you.
It was a potion of magic.
Magic courses through your body.
The white imp hits you but does no damage.
Attack whom?
Press: ? - help, Dir - move target cursor, f - Natasha, p - white imp
Aim: Natasha The white imp is in the way.
You barely miss the white imp.
The white imp is severely wounded.
Natasha mumbles some strange words.
You feel disoriented.
Natasha mumbles some strange words.
The white imp gestures at you. The puff of frost hits you!
You die...

#.##..#####
#....>....#
#####.###.#
#....#
#.######.#
#.#......#
#....#
###..#####
#....@5#
#....#5#
....###.#h#
###. #.#.#
#. #.#.# #.
#.#.# #.
#.#.. #.###


You could see Natasha, a crimson imp and a white imp.

Vanquished Creatures
  Jessica (D:2)
  Natasha (D:3)
  A gnoll (D:1)
  2 adders
  An ooze (D:3)
  A worm (D:2)
  2 dart slugs (D:1)
  4 leopard geckos
  2 orcs (D:3)
  7 bats
  3 giant cockroaches
  7 hobgoblins
  3 jackals (D:3)
  6 kobolds
  4 frilled lizards
  7 goblins
  10 rats
62 creatures vanquished.

Notes
Turn   | Place    | Note
-------+----------+-------------------------------------------
     0 | D:1      | Faca the Merfolk Gladiator began the quest for the Orb.
     0 | D:1      | Reached XP level 1. HP: 16/16 MP: 1/1
    29 | D:1      | Reached skill level 5 in Polearms
    29 | D:1      | Reached XP level 2. HP: 12/23 MP: 2/2
   371 | D:1      | Reached XP level 3. HP: 24/29 MP: 3/3
   921 | D:2      | Reached XP level 4. HP: 35/35 MP: 4/4
  1329 | D:2      | Noticed Jessica
  1333 | D:2      | Killed Jessica
  1333 | D:2      | Reached skill level 6 in Polearms
  1773 | D:3      | Noticed Natasha
  1784 | D:3      | Killed Natasha
  1784 | D:3      | Reached XP level 5. HP: 36/42 MP: 5/5
  1846 | D:3      | Found a sparkling altar of Nemelex Xobeh.
  1847 | D:3      | Found a glowing golden altar of the Shining One.
  1847 | D:3      | Found an iron altar of Okawaru.
  1858 | D:3      | Found a blossoming altar of Fedhas.
  1864 | D:3      | Became a worshipper of Warmaster Okawaru
  2141 | D:3      | Noticed Natasha
  2155 | D:3      | Killed from afar by a white imp

Levels and vault maps discovered:
D:1:      scummos_arrival_checkerplants, layout_basic
D:2:      layout_basic, first_ration, minmay_heptomino_d4, uniq_jessica
D:3:      layout_basic, grunt_temple_overflow_open, uniq_natasha

Skill      XL: |  1  2  3  4 |
---------------+-------------+-----
Polearms       | 5 6 |  6.8
Fighting       | 3 4 |  4.4
Throwing       | |  2.0
Dodging        | |  4.0

Action                   |  1- 3 |  4- 6 || total
-------------------------+-------+-------++-------
Melee: Trident           |    98 |   106 ||   204
  Use: Scroll            |     4 |     1 ||     5
       Potion            |       |     2 ||     2
 Stab: Sleeping          |       |     4 ||     4
  Eat: Chunk             |       |     4 ||     4
Armor: Leather armour    |    28 |    14 ||    42
Dodge: Dodged            |    61 |    41 ||   102
Block: Buckler           |       |     9 ||     9

Table legend:
 A = Non-vault XP
 B = Vault XP
 C = Vault XP percentage of total XP
 D = Non-vault monster count
 E = Vault monster count
 F = Vault count percentage of total count
                 A         B        C        D         E       F
            +---------+---------+-------+---------+---------+-------
      Total |     148 |      74 |  33.3 |      58 |       4 |   6.5
            +---------+---------+-------+---------+---------+-------
        D:1 |      51 |       0 |   0.0 |      21 |       0 |   0.0
        D:2 |      54 |      39 |  41.9 |      21 |       3 |  12.5
        D:3 |      43 |      35 |  44.9 |      16 |       1 |   5.9
            +---------+---------+-------+---------+---------+-------
